 Dungeon Crawl Stone Soup version 0.28.0-62-gf88900778d (webtiles) character file.

Game seed: 3382771796756641421

114 infinitevox the Shooter (level 4, 0/30 HPs)
             Began as a Demonspawn Wanderer on Apr 15, 2023.
             Was an Initiate of Gozag.
             Slain by susin's ghost (7 damage)
             ... on level 3 of the Dungeon.
             The game lasted 00:08:31 (2405 turns).

infinitevox the Shooter (Demonspawn Wanderer)       Turns: 2405, Time: 00:08:32

Health: 0/30       AC:  4    Str: 10    XL:     4   Next: 67%
Magic:  5/5        EV: 11    Int: 12    God:    Gozag
Gold:   134        SH:  6    Dex: 18    Spells: 4/5 levels left

rFire   + . .      SeeInvis .   m - +0 rapier
rCold   + . .      Faith    .   l - +2 buckler
rNeg    . . .      Spirit   .   d - +0 robe
rPois   .          Reflect  .   (no helmet)
rElec   .          Harm     .   g - scarf {rC+ rF+}
rCorr   .          Rampage  .   (no gloves)
Will    .....                   f - +1 pair of boots
Stlth   ++........              (no amulet)
HPRegen 0.10/turn               (no ring)
MPRegen 0.09/turn               (no ring)

@: mighty
A: weakness stinger 2
a: Renounce Religion, Potion Petition, Call Merchant, Bribe Branch


You were on level 3 of the Dungeon.
You worshipped Gozag.
Gozag was aware of your devotion.
You visited 1 branch of the dungeon, and saw 3 of its levels.

You collected 164 gold pieces.
You paid 30 gold pieces to Gozag.

Inventory:

Hand Weapons
 a - a +2 shortbow
 m - a +0 rapier (weapon)
Missiles
 b - 39 arrows
Armour
 d - a +0 robe (worn)
 f - a +1 pair of boots (worn)
 g - a scarf of resistance (worn)
 l - a +2 buckler (worn)
Wands
 h - a wand of flame (17)
 n - a wand of polymorph (14)
 p - a wand of iceblast (6)
Scrolls
 j - a scroll of noise
 q - a scroll of summoning {unknown}
Potions
 i - a potion of degeneration


   Skills:
 + Level 4.8 Bows
 - Level 1.0 Armour
 + Level 1.1 Dodging
 - Level 1.0 Stealth
 - Level 1.0 Spellcasting
 + Level 2.0 Air Magic
 - Level 1.0 Evocations


You had 4 spell levels left.
You knew the following spells:

 Your Spells              Type           Power      Damage    Failure   Level
a - Shock                 Conj/Air       12%        1d3       26%         1

Your spell library contained the following spells:

 Spells                   Type           Power      Damage    Failure   Level
 Mephitic Cloud           Conj/Pois/Air  2%         N/A       67%         3
 Confusing Touch          Hex            0%         N/A       77%         3
 Yara's Violent Unravell  Hex/Tmut       0%         3d3       100%        5
 Enfeeble                 Hex            0%         N/A       100%        7


Dungeon Overview and Level Annotations

Branches:
Dungeon (3/15)

Altars:
Ashenzari
Gozag
Sif Muna
Xom

Annotations:
D:3 1 runed translucent door, susin's ghost, weakling MfGl


Innate Abilities, Weirdness & Mutations

You have a tail ending in a sharp stinger.


Message History

Susin's ghost is lightly damaged.
Susin's ghost hits you!
It was a potion of curing.
You feel better. Susin's ghost hits you.
m - a +0 rapier (weapon)
As you read the scroll labelled BIUSAU YLYU, it crumbles to dust.
It is a scroll of identify.
i - a potion of degeneration Susin's ghost hits you.
As you read the scroll of identify, it crumbles to dust.
o - a potion of might Susin's ghost hits you!
* * * LOW HITPOINT WARNING * * *
As you read the scroll labelled GEETTA DECAA, it crumbles to dust.
You hear a loud clanging noise!
It was a scroll of noise.
Susin's ghost barely misses you.
Blink to where?
Press: ? - help, Dir - move target, p - susin's ghost
As you read the scroll labelled ICAK XAR YFAHA, it crumbles to dust.
It was a scroll of blinking.
Aiming: Iceblast
Press: ? - help, Shift-Dir - straight line, f - you
Okay, then.
You start putting on your armour.
You continue putting on your +2 buckler. x4
Susin's ghost wails.
You finish putting on your +2 buckler.
Aiming: Polymorph
Press: ? - help, Shift-Dir - straight line, f - susin's ghost
Aim: susin's ghost (lightly damaged, not susceptible)
Okay, then.
Aiming: Iceblast
Press: ? - help, Shift-Dir - straight line, f - susin's ghost
Aim: susin's ghost (lightly damaged)
The mass of ice explodes!
The iceblast engulfs susin's ghost!
Susin's ghost is heavily damaged.
Susin's ghost ducks and says, "Too high!"
You feel very mighty all of a sudden. Susin's ghost hits you!
You die...
Your body crumbles into a pile of gold.

#.#########
#(.(($.$..#
#.###.#######.#
#.....# #.#
###.#.## #.#
#.#w.## #.#
############# #
#...# #.#
#...........##
##'## #W#
#.#########...
.#≈W≈# #@# #.# #..#
#.#≈≈≈# #.# #.#
#... #.#≈r≈#
#.###.#########.(.
#.#≈≈≈#
##.#...............
#.#≈$≈#
#...........##.#...
#.#≈≈≈#
#.##.#...........##
######.#≈≈≈#
#.##.####.####.#.#
.......#≈≈≈# #....#
#.# #.#.#
#####..#≈≈≈# #..###
#.# #.#.#


You could see susin's ghost.

Vanquished Creatures
  Jessica (D:2)
  2 adders (D:2)
  A river rat (D:3)
  2 worms (D:3)
  2 dart slugs (D:1)
  5 endoplasms
  A giant cockroach (D:2)
  7 goblins
  8 hobgoblins
  3 kobolds
  2 quokkas (D:2)
  3 ball pythons (D:1)
  5 bats
  3 frilled lizards
  6 rats
51 creatures vanquished.

Notes
Turn   | Place    | Note
-------+----------+-------------------------------------------
     0 | D:1      | infinitevox the Demonspawn Wanderer began the quest for the
                  | Orb.
     0 | D:1      | infinitevox set off with the following items: a +2
                  | shortbow, 24 arrows, a +0 pair of boots, a +0 robe; and the
                  | following spell memorised: Shock; and the following spells
                  | available to memorise: Mephitic Cloud
     0 | D:1      | Reached XP level 1. HP: 13/13 MP: 2/2
   218 | D:1      | Reached skill level 3 in Bows
   275 | D:1      | Gained mutation: You have a small tail. [demonic ancestry]
   275 | D:1      | Reached XP level 2. HP: 19/19 MP: 3/3
   691 | D:1      | Reached XP level 3. HP: 24/24 MP: 4/4
  1112 | D:2      | Reached skill level 4 in Bows
  1278 | D:2      | Found a shimmering altar of Xom.
  1591 | D:2      | Noticed Jessica
  1601 | D:2      | Killed Jessica
  1602 | D:2      | Gained mutation: You have a tail ending in a sharp stinger.
                  | [demonic ancestry]
  1602 | D:2      | Reached XP level 4. HP: 30/30 MP: 5/5
  1804 | D:3      | Found an opulent altar of Gozag.
  1827 | D:3      | Became a worshipper of Gozag Ym Sagoz the Greedy
  1908 | D:3      | Found a shimmering blue altar of Sif Muna.
  1935 | D:3      | Found a runed translucent door.
  1937 | D:3      | Noticed susin's ghost (weakling MfGl)
  2089 | D:3      | Found a broken altar of Ashenzari.
  2363 | D:3      | Found a runed translucent door.
  2405 | D:3      | Slain by susin's ghost

Illustrated notes

Levels and vault maps discovered:
D:1:      saegor_arrival_under_anarchy, layout_loops_ring, grunt_decor_arrowhead
D:2:      layout_basic, basic_altar, uniq_jessica
D:3:      layout_loops_ring, nicolae_ashenzari_skybound, grunt_gozag_statues,
          mainiacjoe_overflow_paths, ebering_ghost_sewer_f

Skill      XL: |  1  2  3 |
---------------+----------+-----
Bows           | 3 4 |  4.8
Air Magic      | 2 |  2.0
Armour         | |  1.0
Dodging        | |  1.1
Stealth        | |  1.0
Spellcasting   | |  1.0
Evocations     | |  1.0

Action                   |  1- 3 |  4- 6 || total
-------------------------+-------+-------++-------
 Fire: Shortbow          |    74 |    43 ||   117
Evoke: Wand              |       |     1 ||     1
  Use: Scroll            |       |     4 ||     4
       Potion            |       |     2 ||     2
Armor: Robe              |     5 |     6 ||    11
Dodge: Dodged            |     4 |     3 ||     7
